 Dungeon Crawl Stone Soup version 0.30-a0-715-gdb4ae3ece1 (webtiles) character file.

Game seed: 2750543924299175651

7678 pokeman the Thaumaturge (level 10, -1/53 (56) HPs)
             Began as a Deep Elf Hedge Wizard on Jan 23, 2023.
             Was a Priest of Vehumet.
             Slain by a wight
             ... wielding a +5 scimitar
              (13 damage)
             ... on level 9 of the Dungeon on Jan 24, 2023.
             The game lasted 00:24:25 (9975 turns).

pokeman the Thaumaturge (Deep Elf Hedge Wizard)     Turns: 9975, Time: 00:24:26

HP:   -1/53 (56)    AC: 11    Str:  7    XL:     10   Next: 99%
MP:   6/30          EV: 13    Int: 30    God:    Vehumet [***...]
Gold: 300           SH:  5    Dex: 18    Spells: 29/37 levels left

rFire   . . .      SeeInvis .    T - +1 whip (elec)
rCold   . . .      Faith    .    g - orb {mayhem}
rNeg    . . .      Spirit   .    y - +2 robe of the Unseen Realm {rPois Dex+4}
rPois   +          Reflect  +    j - +2 hat
rElec   .          Harm     .    i - +0 cloak
rCorr   .          Rampage  .    (no gloves)
Will    +....                    (no boots)
Stlth   +++                      E - amulet of reflection
HPRegen 0.28/turn                c - +4 ring of protection
MPRegen 0.22/turn                O - +6 ring of intelligence

@: drained
A: no striking features
a: Renounce Religion


You were on level 9 of the Dungeon.
You worshipped Vehumet.
Vehumet was most pleased with you.
You visited 2 branches of the dungeon, and saw 10 of its levels.
You also visited: Ossuary.

You collected 442 gold pieces.
You spent 142 gold pieces at shops.

Inventory:

Hand Weapons
 T - a +1 whip of electrocution (weapon)
Missiles
 L - 2 curare-tipped darts
Armour
 g - an orb of mayhem (worn)
 i - a +0 cloak (worn)
 j - a +2 hat (worn)
 o - a +0 buckler
 y - the +2 robe of the Unseen Realm (worn) {rPois Dex+4}
   (You bought it in a shop on level 2 of the Dungeon)

   Dex:       It affects your dexterity (+4).
   rPois:     It protects you from poison.
 U - a +1 robe of fire resistance
Magical Staves
 S - a staff of conjuration
Jewellery
 c - a +4 ring of protection (left hand)
 e - an amulet of guardian spirit
 n - a ring of ice
 E - an amulet of reflection (around neck)
 N - an amulet of faith
 O - a +6 ring of intelligence (right hand)
 R - a ring of protection from fire
Wands
 v - a wand of iceblast (12)
 D - a wand of digging (7)
 F - a wand of charming (12)
 M - a wand of light (3)
Scrolls
 f - 4 scrolls of amnesia {unknown}
 h - 7 scrolls of vulnerability {unknown}
 k - 2 scrolls of blinking {unknown}
 l - 12 scrolls of teleportation {unknown}
 m - a scroll of enchant armour {unknown}
 p - a scroll of silence {unknown}
 q - 6 scrolls of identify {unknown}
 r - 2 scrolls of poison {unknown}
 x - 2 scrolls of immolation {unknown}
 A - a scroll of noise {unknown}
 B - 2 scrolls of fear {unknown}
 J - a scroll of butterflies {unknown}
 P - a scroll of torment {unknown}
 Q - 2 scrolls of fog {unknown}
Potions
 a - 5 potions of curing {unknown}
 b - a potion of cancellation {unknown}
 d - 3 potions of magic
 s - 3 potions of resistance {unknown}
 t - 3 potions of brilliance
 u - 4 potions of heal wounds {unknown}
 w - 2 potions of flight {unknown}
 z - a potion of mutation {unknown}
 C - 5 potions of might {unknown}
 G - 2 potions of lignification {unknown}
 H - 2 potions of berserk rage {unknown}
 I - a potion of degeneration {unknown}
 K - a potion of attraction {unknown}
 V - 8 potions of ambrosia


   Skills:
 - Level 4.0 Fighting
 + Level 3.0 Armour
 - Level 3.0 Dodging
 - Level 3.2 Stealth
 - Level 3.0 Shields
 * Level 14.4 Spellcasting
 + Level 8.4 Conjurations
 + Level 7.6 Summonings
 - Level 1.1 Translocations
 - Level 1.0 Air Magic
 - Level 1.0 Poison Magic
 - Level 1.1 Evocations


You had 29 spell levels left.
You knew the following spells:

 Your Spells              Type           Power      Damage    Failure   Level
a - Magic Dart            Conj           100%       1d8       1%          1
b - Mephitic Cloud        Conj/Pois/Air  42%        N/A       1%          3
c - Call Imp              Summ           61%        N/A       1%          2
d - Blink                 Tloc           56%        N/A       2%          2

Your spell library contained the following spells:

 Spells                   Type           Power      Damage    Failure   Level
 Inner Flame              Hex/Fire       21%        N/A       1%          3
 Necrotise                Necr           84%        1d8       2%          1
 Slow                     Hex            84%        N/A       2%          1
 Cigotuvi's Dreadful Rot  Necr/Pois/Air  50%        N/A       2%          2
 Sublimation of Blood     Necr           21%        N/A       3%          2
 Wereblood                Tmut           21%        N/A       3%          2
 Irradiate                Conj/Tmut      23%        3d19      3%          5
 Vampiric Draining        Necr           21%        2d7       7%          3
 Petrify                  Tmut/Erth      21%        N/A       22%         4
 Agony                    Necr           21%        N/A       52%         5
 Summon Hydra             Summ           30%        N/A       63%         7


Dungeon Overview and Level Annotations

Branches:
Dungeon (9/15)             Temple (1/1) D:4            Lair (0/5) D:9
    Orc (0/2) D:9         Ossuary (visited)

Altars:
Ashenzari
Cheibriados
Dithmenos
Elyvilon
Fedhas
Gozag
Hepliaklqana
Kikubaaqudgha
Nemelex Xobeh
Okawaru
Qazlal
Ru
Sif Muna
Trog
Uskayaw
Vehumet
Yredelemnul
Zin
The Shining One

Shops:
D:2 [:   D:3 :   D:9 =


Message History

Press: ? - help, Shift-Dir - straight line, f/p - wight
Aim: a wight, wielding a +5 great sword and wearing a +0 robe (heavily damaged, fast, strong, frenzied and insane, 100% to hit)
The magic dart hits the wight but does no damage.
The wight is heavily damaged.
The wight hits you with a +5 great sword.
You feel drained.
The wight hits you with a +5 great sword!
* * * LOW HITPOINT WARNING * * *
You feel drained.
* * * LOW HITPOINT WARNING * * *
Casting: Magic Dart (safe; 1% risk of failure)
Confirm with . or Enter, or press ? or * to list all spells.
You blink.
A wight comes into view. It is wielding a +5 scimitar.
Casting: Blink (safe; 2% risk of failure)
Confirm with . or Enter, or press ? or * to list all spells.
Aiming: Magic Dart (safe; 1% risk of failure)
Press: ? - help, Shift-Dir - straight line, f/p - wight
Aim: a wight, wielding a +5 great sword and wearing a +0 robe (translocational energy, heavily damaged, fast, strong, frenzied and insane, 100% to hit)
The magic dart hits the wight.
The wight is almost destroyed.
Casting: Magic Dart (safe; 1% risk of failure)
Confirm with . or Enter, or press ? or * to list all spells.
Aiming: Magic Dart (safe; 1% risk of failure)
Press: ? - help, Shift-Dir - straight line, f/p - wight
Aim: a wight, wielding a +5 great sword and wearing a +0 robe (almost destroyed, fast, strong, frenzied and insane, 100% to hit)
The magic dart hits the wight.
You destroy the wight!
Vehumet accepts your kill.
The wight flies into a frenzy!
Casting: Magic Dart (safe; 1% risk of failure)
Confirm with . or Enter, or press ? or * to list all spells.
Aiming: Magic Dart (safe; 1% risk of failure)
Press: ? - help, Shift-Dir - straight line, f - wight
Aim: a wight, wielding a +5 scimitar and wearing a +0 robe (fast, strong, frenzied and insane, 100% to hit)
The magic dart hits the wight.
The wight is moderately damaged.
You feel stable enough to blink again. The wight hits you with a +5 scimitar!
You die...

#.#.. #.### ######.#
########..)...#
####........###..#
##.~...≈~≈#..# #..####
#.~.~~~.♣..#.###.#....
#...~≈)♣####.....#.###
#~♣~.@~....###.###.# #
#~z♣#~~..# #.# #.#
#..~~.~.♣.♣.♣# #.#
#.### #.##.~~≈..###
#.# #.... ##.~..~≈.
#.# #.... ##.~~≈.~..
#.###.##. .≈~~~♣~..
#........ #.#......
.## #.... #.#####.#
#.##≈


You could see a neutral wight (fast, strong, insane).

Vanquished Creatures
  3 death yaks (D:9)
  Pikel (D:8)
  A cyclops (D:8)
  A troll (D:9)
  Prince Ribbit (D:8)
  3 yaks (D:7)
  An acid dragon (D:8)
  An ice beast (D:5)
  3 orc warriors
  A black bear (D:6)
  A sky beast (D:7)
  A centaur (D:6)
  An ogre (D:6)
  4 kobold brigands
  4 bullfrogs
  A necrophage (D:7)
  2 scorpions
  A water moccasin zombie (Ossuary)
  8 wights
  7 killer bees (D:9)
  5 centaur zombies (Ossuary)
  4 hounds
  2 jellies (D:6)
  3 orc priests
  2 gnoll boudas
  An iguana (D:5)
  Ijyb (D:3)
  A scorpion zombie (Ossuary)
  5 orc wizards
  3 adders
  7 gnolls
  2 river rats (D:9)
  2 white imps
  2 ufetubi
  4 adder zombies (Ossuary)
  2 worms
  3 dart slugs
  20 orcs
  3 ball pythons
  4 endoplasms
  2 giant cockroaches
  3 gnoll zombies (Ossuary)
  5 goblins
  12 hobgoblins
  4 jackals
  20 kobolds
  8 quokkas
  3 bats
  4 frilled lizards
  2 goblin zombies (Ossuary)
  3 hobgoblin zombies (Ossuary)
  3 orc zombies (Ossuary)
  8 rats
199 creatures vanquished.

Vanquished Creatures (collateral kills)
  A queen bee (D:9)
  A yak (D:7)
  An acid dragon (D:9)
  A bullfrog (D:9)
  3 wights (D:9)
  5 killer bees (D:9)
  An orc wizard (D:7)
  2 hell rats (D:9)
  3 gnolls
  A river rat (D:9)
  2 orcs (D:8)
  A hobgoblin (D:1)
  A jackal (D:1)
  A frilled lizard (D:1)
  6 kobolds
  A rat (D:3)
31 creatures vanquished.

Vanquished Creatures (others)
  A kobold brigand (D:9)
  3 killer bees (D:9)
  An orc priest (D:7)
  A gnoll (D:3)
  An orc (D:5)
  A rat (D:2)
8 creatures vanquished.

Grand Total: 238 creatures vanquished

Notes
Turn   | Place    | Note
-------+----------+-------------------------------------------
     0 | D:1      | pokeman the Deep Elf Hedge Wizard began the quest for the
                  | Orb.
     0 | D:1      | Reached XP level 1. HP: 10/10 MP: 7/7
    48 | D:1      | Reached XP level 2. HP: 9/16 MP: 1/9
   594 | D:1      | Reached skill level 5 in Spellcasting
   779 | D:1      | Reached XP level 3. HP: 20/20 MP: 8/11
   783 | D:1      | Learned a level 3 spell: Mephitic Cloud
   786 | D:1      | Learned a level 2 spell: Call Imp
   789 | D:1      | Learned a level 2 spell: Blink
  1026 | D:1      | Found Feurph's Magic Scroll Shoppe.
  1273 | D:2      | Found Qoqysooth's Book Boutique.
  1823 | D:2      | Reached skill level 1 in Fighting
  1823 | D:2      | Reached skill level 1 in Armour
  1927 | D:2      | Found Zabuskexza's Antique Armour Emporium.
  1980 | D:2      | Reached XP level 4. HP: 25/25 MP: 2/13
  2269 | D:3      | Found Ehugely Quus's Book Boutique.
  2502 | D:3      | Noticed Ijyb
  2533 | D:3      | Killed Ijyb
  2534 | D:3      | Reached skill level 6 in Spellcasting
  2642 | D:3      | Identified the +0 ring mail "Evowic" {Rampage Int+2}
  3017 | D:2      | Bought a warped robe for 142 gold pieces
  3017 | D:2      | Identified the +2 robe of the Unseen Realm {rPois Dex+4}
                  | (You bought it in a shop on level 2 of the Dungeon)
  3070 | D:4      | Reached XP level 5. HP: 29/29 MP: 12/15
  3450 | D:4      | Found a staircase to the Ecumenical Temple.
  3456 | Temple   | Entered the Ecumenical Temple
  3889 | D:4      | Reached skill level 1 in Shields
  3987 | D:5      | Entered Level 5 of the Dungeon
  4013 | D:5      | Noticed an ice beast
  4044 | D:5      | Killed an ice beast
  4045 | D:5      | Reached XP level 6. HP: 14/34 MP: 13/17
  4172 | D:5      | Reached skill level 1 in Air Magic
  4268 | D:5      | Reached skill level 7 in Spellcasting
  4384 | D:5      | Reached skill level 1 in Poison Magic
  4384 | D:5      | Reached skill level 1 in Evocations
  5053 | D:5      | Reached XP level 7. HP: 38/38 MP: 10/20
  5438 | D:6      | Found a basalt altar of Yredelemnul.
  5439 | D:6      | Found a bloodstained altar of Trog.
  5439 | D:6      | Found a glowing silver altar of Zin.
  5449 | D:6      | Found a sand-covered staircase.
  5455 | Ossuary  | Entered an ossuary
  5729 | Ossuary  | Reached skill level 8 in Spellcasting
  6434 | Ossuary  | Noticed a silent spectre
  6483 | D:6      | Reached XP level 8. HP: 41/44 MP: 19/22
  6483 | D:6      | Found an ancient bone altar of Kikubaaqudgha.
  6540 | D:6      | Reached skill level 9 in Spellcasting
  6771 | D:6      | Found a radiant altar of Vehumet.
  6779 | D:6      | Became a worshipper of Vehumet
  6839 | D:6      | Reached skill level 5 in Conjurations
  7292 | D:7      | Reached skill level 10 in Spellcasting
  7444 | D:7      | Reached XP level 9. HP: 45/48 MP: 8/25
  7451 | D:7      | Reached skill level 11 in Spellcasting
  7459 | D:7      | Reached * piety under Vehumet
  7459 | D:7      | Offered knowledge of Sandblast by Vehumet.
  7589 | D:7      | Reached skill level 5 in Summonings
  8417 | D:8      | Found a shimmering blue altar of Sif Muna.
  8448 | D:8      | Noticed a cyclops
  8476 | D:8      | Killed a cyclops
  8477 | D:8      | Reached skill level 12 in Spellcasting
  8619 | D:8      | Noticed Prince Ribbit
  8628 | D:8      | Killed Prince Ribbit
  8859 | D:8      | Noticed Pikel
  8873 | D:8      | Killed Pikel
  8874 | D:8      | Reached XP level 10. HP: 51/53 MP: 23/28
  9138 | D:9      | Reached ** piety under Vehumet
  9150 | D:9      | Offered knowledge of Freeze by Vehumet.
  9154 | D:9      | Noticed a death yak
  9161 | D:9      | Noticed a death yak
  9163 | D:9      | Noticed a death yak
  9200 | D:9      | Killed a death yak
  9201 | D:9      | Reached skill level 13 in Spellcasting
  9357 | D:9      | Found a staircase to the Orcish Mines.
  9358 | D:9      | Found Ygemu's One-of-a-Kind Rings.
  9502 | D:9      | Found a staircase to the Lair.
  9564 | D:9      | Identified the +2 broad axe of Plog {drain, Str+2}
  9583 | D:9      | Killed a death yak
  9585 | D:9      | Killed a death yak
  9586 | D:9      | Reached skill level 14 in Spellcasting
  9687 | D:9      | Offered knowledge of Inner Flame by Vehumet.
  9950 | D:9      | Reached *** piety under Vehumet
  9975 | D:9      | Slain by a wight

Illustrated notes

Levels and vault maps discovered:
D:1:      lemuel_arrival_rhombus, layout_basic, serial_shops, shop,
          minmay_misc_feat_encased
D:2:      minmay_spotlight, layout_rooms, serial_shops, shop, shop,
          wander_ebering_terrifying_dragon_lair
D:3:      layout_basic, serial_shops, nicolae_shop_statue_plus,
          kennysheep_generic_room_14, uniq_ijyb
D:4:      layout_loops_cross, minmay_temple_entry_enclosed_plants,
          nicolae_eternal_life
D:5:      layout_basic, corexii_corridor_pit
D:6:      layout_cave_pools, mainiacjoe_overflow_surrounded_room,
          nicolae_overflow_quartered_altars, enter_ossuary_2,
          serial_column_ruins, column_ruins_hut_ruined,
          column_ruins_corridor_corner, column_ruins_open_small,
          column_ruins_open_tiny_water, column_ruins_corridor_straight,
          column_ruins_corridor_straight, chequers_hall_statues_corner_a
D:7:      layout_cave_pools, serial_rivers, chequers_serial_rivers_micro_d,
          chequers_serial_rivers_room_b, chequers_serial_rivers_room_a,
          chequers_serial_rivers_large_b, chequers_serial_rivers_micro_b,
          chequers_serial_rivers_micro_b
D:8:      layout_loops_ring, led_sif_pool, uniq_pikel, uniq_prince_ribbit1
D:9:      layout_loops_cross, dpeg_lair_monsters, orc_0_dummy, special_room
          [special_room_bee], serial_rivers, chequers_serial_rivers_micro_a,
          chequers_serial_rivers_micro_d, chequers_serial_rivers_marsh,
          chequers_serial_rivers_micro_d, chequers_serial_rivers_micro_e,
          nicolae_shop_unique_rings, minmay_unpleasant_kobolds
Temple:   nicolae_temple_ecumenical_triangle

Skill      XL: |  1  2  3  4  5  6  7  8  9 10 |
---------------+-------------------------------+-----
Spellcasting   | 5 6 7 8 10 12 14 | 14.4
Fighting       | 1 2 4 |  4.0
Armour         | 1 2 3 |  3.0
Conjurations   | 2 3 4 5 7 8 |  8.4
Dodging        | 3 |  3.0
Shields        | 1 2 3 |  3.0
Stealth        | 3 |  3.2
Air Magic      | 1 |  1.0
Poison Magic   | 1 |  1.0
Evocations     | 1 |  1.1
Summonings     | 3 4 6 7 |  7.6
Translocations | |  1.1

Action                     |  1- 3 |  4- 6 |  7- 9 | 10-12 || total
---------------------------+-------+-------+-------+-------++-------
  Melee: Dagger            |    18 |       |       |       ||    18
         Whip              |     4 |    43 |    92 |    35 ||   174
   Cast: Magic Dart        |   114 |   104 |   292 |    78 ||   588
         Mephitic Cloud    |     1 |     6 |    24 |    17 ||    48
         Call Imp          |       |     2 |     3 |     3 ||     8
         Blink             |       |       |     2 |     4 ||     6
  Evoke: Wand              |       |       |     1 |     6 ||     7
   Stab: Confused          |     1 |     3 |    18 |     6 ||    28
         Distracted        |       |     1 |       |       ||     1
         Sleeping          |       |     1 |       |       ||     1
 Armour: Robe              |     6 |    16 |    66 |    15 ||   103
  Dodge: Dodged            |    27 |    32 |   120 |    45 ||   224
  Block: Orb               |       |       |    47 |    18 ||    65
         Reflection        |       |       |     2 |     3 ||     5

Table legend: (Time is in decaauts)
 A = Elapsed time spent in this place.
 B = Non-inter-level travel time spent in this place.
 C = Inter-level travel time spent in this place.
 D = Time resting spent in this place.
 E = Time spent auto-exploring this place.
 F = Levels seen in this place.
 G = Mean time per level.
                   A        B        C        D        E       F      G
               +--------+--------+--------+--------+--------+-----+--------+
         Total |  10023 |   9768 |    255 |    792 |   7207 |  11 |  911.2 |
       Dungeon |   8963 |   8725 |    238 |    277 |   6953 |   9 |  995.9 |
        Temple |     43 |     26 |     17 |      0 |     18 |   1 |   43.0 |
       Ossuary |   1016 |   1016 |      0 |    515 |    236 |   1 | 1016.0 |
               +--------+--------+--------+--------+--------+-----+--------+

Top non-repeatable levels by time:
     D:5: 1352 daAuts
     D:1: 1272 daAuts
     D:6: 1017 daAuts
 Ossuary: 1016 daAuts
     D:7: 966 daAuts
     D:8: 923 daAuts
     D:3: 899 daAuts
     D:2: 896 daAuts
     D:4: 876 daAuts
     D:9: 758 daAuts
  Temple: 43 daAuts
